 Dungeon Crawl Stone Soup version 0.30.1-11-g7821555f0a (webtiles) character file.

Game seed: 15306755415431587461

5 Chiseanne the Trooper (level 1, -1/18 HPs)
             Began as a Demonspawn Wanderer on Nov 17, 2023.
             Slain by a goblin
             ... wielding a +0 club
              (3 damage)
             ... on level 1 of the Dungeon.
             The game lasted 00:00:33 (191 turns).

Chiseanne the Trooper (Demonspawn Wanderer)          Turns: 191, Time: 00:00:33

Health: -1/18      AC:  3    Str: 13    XL:     1   Next: 66%
Magic:  2/2        EV: 11    Int: 15    God:
Gold:   0          SH:  0    Dex:  9    Spells: 1/2 levels left

rFire   . . .        a - +0 short sword
rCold   . . .        (no shield)
rNeg    . . .        f - +0 leather armour
rPois   .            (no helmet)
rElec   .            (no cloak)
rCorr   .            (no gloves)
SInv    .            (no boots)
Will    .....        (no amulet)
Stlth   +            (no ring)
HPRegen 0.23/turn    (no ring)
MPRegen 0.08/turn

%: no passive effects
@: no status effects
A: no striking features
a: no special abilities


You were on level 1 of the Dungeon.
You visited 1 branch of the dungeon, and saw 1 of its levels.

Inventory:

Hand Weapons
 a - a +0 short sword (weapon)
Missiles
 d - 7 stones
Armour
 f - a +0 leather armour (worn)
Scrolls
 c - a scroll of blinking
 g - 3 scrolls of teleportation {unknown}
Potions
 b - a potion of mutation
 e - a potion of curing


   Skills:
 * Level 3.1 Fighting
 * Level 1.2 Armour
 * Level 0.4 Dodging
 - Level 1.0 Stealth
 - Level 1.0 Spellcasting
 - Level 3.0 Conjurations
 - Level 1.0 Evocations


You had one spell level left.
You knew the following spells:

 Your Spells              Type           Power      Damage    Failure   Level
a - Kiss of Death         Conj/Necr      20%        2d7       17%         1

Your spell library contained the following spells:

 Spells                   Type           Power      Damage    Failure   Level
 Dazzling Flash           Conj/Hex       10%        N/A       45%         3
 Fulminant Prism          Conj/Hex       2%         3d5       86%         4


Dungeon Overview and Level Annotations

Branches:
Dungeon (1/15)

Altars:


Message History

The goblin hits you with a +0 club.
You are too injured to fight recklessly!
You are too injured to fight recklessly!
You are too injured to fight recklessly!
You are too injured to fight recklessly!
You are too injured to fight recklessly!
You are too injured to fight recklessly!
You are too injured to fight recklessly!
You are too injured to fight recklessly!
You are too injured to fight recklessly!
You are too injured to fight recklessly!
You are too injured to fight recklessly!
You are too injured to fight recklessly!
You are too injured to fight recklessly!
You are too injured to fight recklessly!
You are too injured to fight recklessly!
You are too injured to fight recklessly!
You are too injured to fight recklessly!
You are too injured to fight recklessly!
You hit the dart slug but do no damage.
The dart slug is almost dead.
The dart slug launches a dart at you.
The slug dart hits you but does no damage.
The goblin hits you but does no damage.
You hit the dart slug.
You kill the dart slug!
The goblin hits you with a +0 club.
* * * LOW HITPOINT WARNING * * *
You barely miss the goblin. The goblin hits you with a +0 club.
* * * LOW HITPOINT WARNING * * *
You barely miss the goblin. The goblin misses you.
You closely miss the goblin. The goblin barely misses you.
You hit the goblin.
The goblin is severely wounded.
The goblin hits you with a +0 club.
* * * LOW HITPOINT WARNING * * *
You miss the goblin.
The goblin is severely wounded.
The goblin hits you with a +0 club.
You die...

#. #. #. ##.##
.... .!
#######.#####....
..........g......
######.#@##....
#.#.†.....#
#.##########
#..........#
###############.#
#...........# #.#
#.#########.# #.#
#.# #.# #.# #.#
#.# #.#


You could see a goblin.

Vanquished Creatures
  A dart slug (D:1)
  A frilled lizard (D:1)
  2 kobolds (D:1)
4 creatures vanquished.

Notes
Turn   | Place    | Note
-------+----------+-------------------------------------------
     0 | D:1      | Chiseanne the Demonspawn Wanderer began the quest for the
                  | Orb.
     0 | D:1      | Chiseanne set off with the following items: a +0 club, a
                  | potion of mutation, a scroll of blinking, a +0 robe, a
                  | potion of curing; and the following spell memorised: Kiss
                  | of Death; and the following spells available to memorise:
                  | Dazzling Flash, Fulminant Prism.
     0 | D:1      | Reached XP level 1. HP: 18/18 MP: 2/2
   191 | D:1      | Slain by a goblin

Illustrated notes

Levels and vault maps discovered:
D:1:      tarquinn_simple_flora_water_a, layout_basic

Action                     || total
---------------------------++-------
  Melee: Short sword       ||    19
         Club              ||     6
 Armour: Leather armour    ||     5
  Dodge: Dodged            ||    11
